MLB
MINNESOTA TWINS @ TORONTO BLUE JAYS
06/11/2047
 
TOP OF THE 1ST
Minnesota Twins batting - Pitching for Toronto Blue Jays : RHP Tony Rios
Pitching: RHP Tony Rios
Batting: LHB Peer Derks 0-0: Ball
1-0: Foul Ball, location: 2F
1-1: Foul Ball, location: 2F
1-2: Foul Ball, location: 2F
1-2: Ball
2-2: Ball
3-2: SINGLE (Line Drive, 56D, EV 107.5 MPH)
Batting: RHB J.J. Powers 0-0: Ball
1-0: Ball
2-0: Ball
3-0: Base on Balls
Peer Derks to second
Batting: RHB Steve Jordan 0-0: Ball
1-0: Ball
2-0: Fly out, F7 (Flyball, 78S, EV 86.9 MPH)
Batting: RHB Bobby Ayala 0-0: Called Strike
0-1: Ball
1-1: Ball
2-1: Ball
3-1: Foul Ball, location: 2F
3-2: Fly out, F7 (Flyball, 7LD, EV 99.4 MPH)
Runner from 2nd tags up, SAFE at 3rd, no throw by LF
Batting: RHB Hildo Pot 0-0: 3-RUN HOME RUN (Flyball, 89XD, EV 103.8 MPH), Distance : 401 ft
Batting: RHB Miguel Diaz 0-0: Called Strike
0-1: Foul Ball, location: 2F
0-2: Foul Ball, location: 2F
0-2: Ball
1-2: Ball
2-2: Ground out U3 (Groundball, 34S, EV 86.2 MPH)
Top of the 1st over - 3 runs, 2 hits, 0 errors, 0 left on base; Minnesota 3 - Toronto 0
BOTTOM OF THE 1ST
Toronto Blue Jays batting - Pitching for Minnesota Twins : LHP John McRight
Pitching: LHP John McRight
Batting: SHB Matt Altieri 0-0: Called Strike
0-1: Ball
1-1: Bunt for hit to 25 - play at first, batter OUT! 5-3
Batting: RHB David Casas 0-0: Ball
1-0: Called Strike
1-1: SINGLE (Groundball, 56, EV 106.2 MPH) (infield hit)
Batting: SHB Mark Rennie 0-0: Ball
1-0: Called Strike
1-1: Called Strike
1-2: SINGLE (Groundball, 4S, EV 65.0 MPH) (infield hit)
David Casas to second
Batting: RHB Kirk Arp 0-0: Ball
1-0: Called Strike
1-1: Ball
2-1: Hit by Pitch
David Casas to third
Mark Rennie to second
Batting: RHB Danny Burnside 0-0: Foul Ball, location: 2F
0-1: Ball
1-1: Ball
2-1: Ball
3-1: Called Strike
3-2: Base on Balls
David Casas scores
Mark Rennie to third
Kirk Arp to second
Batting: LHB Nate Dean 0-0: Ball
1-0: Ball
2-0: Ball
Wild Pitch!
Mark Rennie scores
Kirk Arp to third
Danny Burnside to second
3-0: Called Strike
3-1: Base on Balls
Batting: RHB Donny Burnside 0-0: Called Strike
0-1: Swinging Strike
0-2: SINGLE (Line Drive, 78S, EV 92.5 MPH)
Kirk Arp scores
Danny Burnside to third
Nate Dean to second
Batting: SHB Dylan Novakowski 0-0: Called Strike
0-1: SINGLE (Groundball, 4MD, EV 110.0 MPH)
Danny Burnside scores
Nate Dean to third
Donny Burnside to second
Runner from 3rd tries for Home, SAFE, throw by CF to home
Batting: LHB Jon Schick 0-0: Ball
1-0: Ball
2-0: Called Strike
2-1: Foul Ball, location: 2F
2-2: Ball
3-2: Foul Ball, location: 2F
3-2: SINGLE (Groundball, 34D, EV 102.5 MPH) (infield hit)
Donny Burnside to third
Dylan Novakowski to second
Batting: SHB Matt Altieri 0-0: Ball
1-0: Ball
2-0: Called Strike
2-1: Foul Ball, location: 2F
2-2: Grounds into double play, 6-4-3 (Groundball, 6, EV 87.5 MPH)
Bottom of the 1st over - 5 runs, 5 hits, 0 errors, 2 left on base; Minnesota 3 - Toronto 5
TOP OF THE 2ND
Minnesota Twins batting - Pitching for Toronto Blue Jays : RHP Tony Rios
Batting: RHB Kevin Howard 0-0: Called Strike
0-1: Ball
1-1: SINGLE (Flyball, 7S, EV 91.2 MPH)
Batting: LHB Per Meulengracht 0-0: Ball
1-0: Ball
2-0: Sac Bunt to 13 - play at second, runner OUT! 1-6
Batting: RHB Luis Villanueva 0-0: Called Strike
0-1: Ball
1-1: Ball
2-1: Grounds into double play, 6-4-3 (Groundball, 6, EV 86.9 MPH)
Top of the 2nd over - 0 runs, 1 hit, 0 errors, 0 left on base; Minnesota 3 - Toronto 5
BOTTOM OF THE 2ND
Toronto Blue Jays batting - Pitching for Minnesota Twins : LHP John McRight
Batting: RHB David Casas 0-0: Called Strike
0-1: Swinging Strike
0-2: Ball
1-2: Strikes out looking
Batting: SHB Mark Rennie 0-0: Ball
1-0: Called Strike
1-1: Ball
2-1: Ball
3-1: Base on Balls
Batting: RHB Kirk Arp 0-0: Ball
Mark Rennie is caught stealing 2nd base 2-4
1-0: Called Strike
1-1: Called Strike
1-2: Fly out, F8 (Flyball, 8RS, EV 80.6 MPH)
Bottom of the 2nd over - 0 runs, 0 hits, 0 errors, 0 left on base; Minnesota 3 - Toronto 5
TOP OF THE 3RD
Minnesota Twins batting - Pitching for Toronto Blue Jays : RHP Tony Rios
Batting: LHB Peer Derks 0-0: Ball
1-0: Ball
2-0: Foul Ball, location: 2F
2-1: Foul Ball, location: 2F
2-2: SINGLE (Groundball, 4D, EV 106.2 MPH)
Batting: RHB J.J. Powers 0-0: Ball
1-0: Called Strike
Peer Derks is caught stealing 2nd base 2-4
1-1: SINGLE (Groundball, 25, EV 64.4 MPH) (infield hit)
Batting: RHB Steve Jordan 0-0: Called Strike
0-1: Ball
1-1: Foul Ball, location: 2F
1-2: Fly out, F7 (Flyball, 78M, EV 86.9 MPH)
Batting: RHB Bobby Ayala 0-0: Swinging Strike
0-1: Called Strike
0-2: Ball
1-2: Ball
2-2: DOUBLE (Line Drive, 89D, EV 107.5 MPH)
J.J. Powers to third
Runner from 3rd tries for Home, SAFE, throw by CF to trailing runner, OUT at third! 8-3-5
Top of the 3rd over - 1 run, 3 hits, 0 errors, 0 left on base; Minnesota 4 - Toronto 5
BOTTOM OF THE 3RD
Toronto Blue Jays batting - Pitching for Minnesota Twins : LHP John McRight
Batting: RHB Danny Burnside 0-0: Ball
1-0: Ball
2-0: Ball
3-0: Base on Balls
Batting: LHB Nate Dean 0-0: Ball
1-0: Swinging Strike
1-1: Foul Ball, location: 2F
1-2: Foul Ball, location: 2F
1-2: Ball
2-2: Strikes out looking
Batting: RHB Donny Burnside 0-0: Grounds into double play, 4-6-3 (Groundball, 34, EV 111.2 MPH)
Bottom of the 3rd over - 0 runs, 0 hits, 0 errors, 0 left on base; Minnesota 4 - Toronto 5
TOP OF THE 4TH
Minnesota Twins batting - Pitching for Toronto Blue Jays : RHP Tony Rios
Batting: RHB Hildo Pot 0-0: Ball
1-0: Ball
2-0: Called Strike
2-1: Ground out 4-3 (Groundball, 4, EV 86.2 MPH)
Batting: RHB Miguel Diaz 0-0: Called Strike
0-1: Ball
1-1: Ball
2-1: Foul Ball, location: 2F
2-2: Ball
3-2: Strikes out looking
Batting: RHB Kevin Howard 0-0: Ball
1-0: Ball
2-0: Foul Ball, location: 2F
2-1: Ground out 6-3 (Groundball, P, EV 81.9 MPH)
Top of the 4th over - 0 runs, 0 hits, 0 errors, 0 left on base; Minnesota 4 - Toronto 5
BOTTOM OF THE 4TH
Toronto Blue Jays batting - Pitching for Minnesota Twins : LHP John McRight
Batting: SHB Dylan Novakowski 0-0: Foul Ball, location: 2F
0-1: Ball
1-1: Ball
2-1: Ball
3-1: Foul Ball, location: 2F
3-2: Base on Balls
Batting: LHB Jon Schick 0-0: Ball
1-0: Ball
2-0: Ball
3-0: Base on Balls
Dylan Novakowski to second
Batting: SHB Matt Altieri 0-0: Called Strike
0-1: Ball
1-1: Ball
2-1: Foul Ball, location: 2F
2-2: Ball
3-2: Strikes out swinging
Batting: RHB David Casas 0-0: DOUBLE (Line Drive, 89D, EV 109.4 MPH)
Dylan Novakowski scores
Jon Schick to third
Runner from 3rd tries for Home, SAFE, no throw by CF
Pitching: LHP Nigel Turner
Batting: SHB Mark Rennie 0-0: Ball
1-0: Ball
2-0: Ball
3-0: Base on Balls
Batting: RHB Kirk Arp 0-0: Called Strike
0-1: Fly out, F9 (Line Drive, 9, EV 93.8 MPH)
Batting: RHB Danny Burnside 0-0: Called Strike
0-1: Ball
1-1: Swinging Strike
1-2: Ball
2-2: Ball
3-2: Base on Balls
David Casas to third
Mark Rennie to second
Batting: LHB Nate Dean 0-0: Ball
1-0: Foul Ball, location: 2F
1-1: Called Strike
1-2: Foul Ball, location: 2F
1-2: Ground out 1-3 (Groundball, 13S, EV 71.9 MPH)
Bottom of the 4th over - 2 runs, 1 hit, 0 errors, 3 left on base; Minnesota 4 - Toronto 7
TOP OF THE 5TH
Minnesota Twins batting - Pitching for Toronto Blue Jays : RHP Tony Rios
Batting: LHB Per Meulengracht 0-0: Ball
1-0: Fly out, F9 (Flyball, 9D, EV 97.5 MPH)
Batting: RHB Luis Villanueva 0-0: Called Strike
0-1: Ball
1-1: Ball
2-1: Foul Ball, location: 2F
2-2: Ground out 6-3 (Groundball, 6, EV 88.8 MPH)
Batting: LHB Peer Derks 0-0: Ball
1-0: Ball
2-0: Ball
3-0: Called Strike
3-1: Foul Ball, location: 2F
3-2: Foul Ball, location: 2F
3-2: Foul Ball, location: 2F
3-2: Fly out, F7 (Flyball, 7LD, EV 80.6 MPH)
Top of the 5th over - 0 runs, 0 hits, 0 errors, 0 left on base; Minnesota 4 - Toronto 7
BOTTOM OF THE 5TH
Toronto Blue Jays batting - Pitching for Minnesota Twins : LHP Nigel Turner
Batting: RHB Donny Burnside 0-0: Called Strike
0-1: DOUBLE (Line Drive, 8LD, EV 99.4 MPH)
Batting: SHB Dylan Novakowski 0-0: Ball
1-0: Swinging Strike
1-1: Ball
2-1: Ball
3-1: Foul Ball, location: 2F
3-2: Foul Ball, location: 2F
3-2: Foul Ball, location: 2F
3-2: Strikes out swinging
Batting: LHB Jon Schick 0-0: Called Strike
Donny Burnside steals 3rd base
0-1: Ball
1-1: Ball
2-1: Called Strike
2-2: Fly out, F9 (Line Drive, 9, EV 90.0 MPH)
Batting: SHB Matt Altieri 0-0: Ball
1-0: Called Strike
1-1: Ball
2-1: Fly out, F7 (Line Drive, 78M, EV 96.9 MPH)
Bottom of the 5th over - 0 runs, 1 hit, 0 errors, 1 left on base; Minnesota 4 - Toronto 7
TOP OF THE 6TH
Minnesota Twins batting - Pitching for Toronto Blue Jays : RHP Tony Rios
Batting: RHB J.J. Powers 0-0: Ball
1-0: Ball
2-0: Ball
3-0: Called Strike
3-1: Base on Balls
Batting: RHB Steve Jordan 0-0: SINGLE (Line Drive, 4MD, EV 94.4 MPH)
J.J. Powers to second
Batting: RHB Bobby Ayala 0-0: Ball
1-0: Called Strike
1-1: Ball
2-1: Swinging Strike
2-2: Ball
3-2: DOUBLE (Line Drive, 7LM, EV 91.9 MPH)
J.J. Powers scores
Steve Jordan to third
Pitching: RHP Hoof Harted
Batting: RHB Hildo Pot 0-0: Called Strike
0-1: Swinging Strike
0-2: Ball
1-2: Hit by Pitch
Batting: RHB Miguel Diaz 0-0: Ball
1-0: Ball
2-0: SINGLE (Groundball, 3, EV 102.5 MPH) (infield hit)
Steve Jordan scores
Bobby Ayala to third
Hildo Pot to second
Batting: RHB Kevin Howard 0-0: Ball
1-0: Ball
2-0: Grounds into fielders choice 6-2 (Groundball, 6, EV 85.0 MPH)
Hildo Pot to third
Miguel Diaz to second
Batting: LHB Per Meulengracht 0-0: Called Strike
0-1: Ball
1-1: DOUBLE (Groundball, 3D, EV 98.8 MPH)
Hildo Pot scores
Miguel Diaz scores
Kevin Howard to third
Batting: RHB Luis Villanueva 0-0: Ball
1-0: Ball
2-0: Ball
3-0: Called Strike
3-1: Base on Balls
Batting: LHB Peer Derks 0-0: Ball
1-0: Called Strike
1-1: Foul Ball, location: 2F
1-2: Strikes out looking
Batting: RHB J.J. Powers 0-0: Ball
1-0: Ball
2-0: Swinging Strike
2-1: Ball
3-1: Base on Balls
Kevin Howard scores
Per Meulengracht to third
Luis Villanueva to second
Batting: RHB Steve Jordan 0-0: Ball
1-0: Called Strike
1-1: Swinging Strike
1-2: Strikes out looking
Top of the 6th over - 5 runs, 4 hits, 0 errors, 3 left on base; Minnesota 9 - Toronto 7
BOTTOM OF THE 6TH
Toronto Blue Jays batting - Pitching for Minnesota Twins : LHP Nigel Turner
Pitching: RHP Willie Nieto
Batting: RHB David Casas 0-0: Called Strike
0-1: Called Strike
0-2: Foul Ball, location: 2F
0-2: Ball
1-2: Ball
2-2: Ball
3-2: DOUBLE (Flyball, 8RXD, EV 110.6 MPH)
Batting: SHB Mark Rennie 0-0: Called Strike
0-1: Ball
1-1: Foul Ball, location: 2F
1-2: Ball
2-2: Ball
3-2: Base on Balls
Batting: RHB Kirk Arp 0-0: Called Strike
0-1: Ball
1-1: Called Strike
1-2: Grounds into double play, 5-4-3 (Groundball, 56S, EV 80.0 MPH)
David Casas to third
Batting: RHB Danny Burnside 0-0: Called Strike
0-1: Ball
1-1: Foul Ball, location: 2F
1-2: Strikes out swinging
Bottom of the 6th over - 0 runs, 1 hit, 0 errors, 1 left on base; Minnesota 9 - Toronto 7
TOP OF THE 7TH
Minnesota Twins batting - Pitching for Toronto Blue Jays : RHP Hoof Harted
Batting: RHB Bobby Ayala 0-0: Ball
1-0: Swinging Strike
1-1: SOLO HOME RUN (Flyball, 78XD, EV 100.0 MPH), Distance : 404 ft
Pitching: RHP Chase Schlong
Batting: RHB Hildo Pot 0-0: Called Strike
0-1: SINGLE (Groundball, 3D, EV 96.9 MPH)
Batting: RHB Miguel Diaz 0-0: Foul Ball, location: 2F
0-1: Fly out, F7 (Flyball, 7, EV 76.2 MPH)
Batting: RHB Kevin Howard 0-0: Ball
1-0: Hit by Pitch
Hildo Pot to second
Pitching: RHP Bobby Wright
Batting: LHB Per Meulengracht 0-0: Swinging Strike
0-1: Foul Ball, location: 2F
0-2: Strikes out swinging
Batting: RHB Luis Villanueva 0-0: Fly out, F8 (Flyball, 8LXD, EV 99.4 MPH)
Top of the 7th over - 1 run, 2 hits, 0 errors, 2 left on base; Minnesota 10 - Toronto 7
BOTTOM OF THE 7TH
Toronto Blue Jays batting - Pitching for Minnesota Twins : RHP Willie Nieto
Pitching: RHP Mike Chapman
Batting: LHB Nate Dean 0-0: Ball
1-0: Ball
2-0: Ball
3-0: Called Strike
3-1: Base on Balls
Batting: RHB Donny Burnside 0-0: Ball
1-0: Ball
2-0: Ball
3-0: Called Strike
3-1: Foul Ball, location: 2F
3-2: Foul Ball, location: 2F
3-2: Foul Ball, location: 2F
3-2: Base on Balls
Nate Dean to second
Batting: SHB Dylan Novakowski 0-0: Called Strike
0-1: Swinging Strike
0-2: Ball
1-2: Ball
2-2: Fly out, F6 (Line Drive, 6, EV 65.6 MPH)
Batting: LHB Jon Schick 0-0: Called Strike
0-1: Called Strike
0-2: Ball
1-2: Foul Ball, location: 2F
1-2: Ball
2-2: Ball
Wild Pitch!
Nate Dean to third
Donny Burnside to second
3-2: Base on Balls
Batting: SHB Matt Altieri 0-0: Ball
1-0: Called Strike
1-1: Fielders Choice at 2nd, 5-4 (Groundball, 56, EV 86.2 MPH)
Nate Dean scores
Donny Burnside to third
Batting: RHB David Casas 0-0: Called Strike
0-1: Ball
1-1: SINGLE (Line Drive, 4MD, EV 104.4 MPH)
Donny Burnside scores
Matt Altieri to second
Runner from 2nd tries for 3rd, SAFE, no throw by CF
Batting: SHB Mark Rennie 0-0: Foul Ball, location: 2F
0-1: Fly out, F7 (Flyball, 7S, EV 89.4 MPH)
Bottom of the 7th over - 2 runs, 1 hit, 0 errors, 2 left on base; Minnesota 10 - Toronto 9
TOP OF THE 8TH
Minnesota Twins batting - Pitching for Toronto Blue Jays : RHP Bobby Wright
Batting: LHB Peer Derks 0-0: Ball
1-0: Ball
2-0: Ball
3-0: Base on Balls
Batting: RHB J.J. Powers 0-0: Called Strike
0-1: Called Strike
0-2: Strikes out swinging
Batting: RHB Steve Jordan 0-0: Ball
1-0: Called Strike
1-1: Ball
2-1: Foul Ball, location: 2F
2-2: Grounds into double play, 6-4-3 (Groundball, 6M, EV 106.9 MPH)
Top of the 8th over - 0 runs, 0 hits, 0 errors, 0 left on base; Minnesota 10 - Toronto 9
BOTTOM OF THE 8TH
Toronto Blue Jays batting - Pitching for Minnesota Twins : RHP Mike Chapman
Pitching: LHP Josh Langguth
Batting: RHB Kirk Arp 0-0: Fly out, F8 (Flyball, 8RD, EV 101.2 MPH)
Batting: RHB Danny Burnside 0-0: Called Strike
0-1: Ball
1-1: Ball
2-1: SINGLE (Line Drive, 8LS, EV 105.6 MPH)
Batting: LHB Nate Dean 0-0: Called Strike
0-1: Grounds into double play, 4-6-3 (Groundball, 4, EV 100.0 MPH)
Bottom of the 8th over - 0 runs, 1 hit, 0 errors, 0 left on base; Minnesota 10 - Toronto 9
TOP OF THE 9TH
Minnesota Twins batting - Pitching for Toronto Blue Jays : RHP Bobby Wright
Batting: RHB Bobby Ayala 0-0: Foul Ball, location: 2F
0-1: Foul Ball, location: 2F
0-2: Strikes out swinging
Batting: RHB Hildo Pot 0-0: Ball
1-0: Called Strike
1-1: Swinging Strike
1-2: Foul Ball, location: 2F
1-2: Ball
2-2: TRIPLE (Flyball, 89XD, EV 96.9 MPH)
Batting: RHB Miguel Diaz 0-0: Called Strike
0-1: Ball
1-1: Foul Ball, location: 2F
1-2: Strikes out swinging
Batting: RHB Kevin Howard 0-0: SINGLE (Groundball, 56D, EV 110.6 MPH)
Hildo Pot scores
Batting: LHB Per Meulengracht 0-0: Ball
1-0: Fly out, F3 (Line Drive, 3, EV 66.9 MPH)
Top of the 9th over - 1 run, 2 hits, 0 errors, 1 left on base; Minnesota 11 - Toronto 9
BOTTOM OF THE 9TH
Toronto Blue Jays batting - Pitching for Minnesota Twins : LHP Josh Langguth
Pitching: RHP Tony Ramirez
Now in LF: Steve Jordan
Now in RF: Bran Stark
Batting: RHB Donny Burnside 0-0: Swinging Strike
0-1: Ground out 5-3 (Groundball, 56, EV 90.6 MPH)
Batting: SHB Dylan Novakowski 0-0: Called Strike
0-1: Ball
1-1: Ball
2-1: Swinging Strike
2-2: Foul Ball, location: 2F
2-2: Ground out 4-3 (Groundball, 4M, EV 81.9 MPH)
Batting: LHB Jon Schick 0-0: Called Strike
0-1: Ball
1-1: Ball
2-1: Foul Ball, location: 2F
2-2: Ball
3-2: Foul Ball, location: 2F
3-2: Foul Ball, location: 2F
3-2: Base on Balls
Batting: SHB Matt Altieri 0-0: SINGLE (Flyball, 6MD, EV 84.4 MPH)
Jon Schick to second
Batting: RHB David Casas 0-0: Fly out, F4 (Line Drive, 4, EV 66.9 MPH)
Bottom of the 9th over - 0 runs, 1 hit, 0 errors, 2 left on base; Minnesota 11 - Toronto 9
Thursday, December 15th , 2022 - OOTP Baseball 23.9 Build 102